 Dungeon Crawl Stone Soup version 0.29-a0-275-g389c0b56f3 (webtiles) character file.

Game seed: 5002376692608911912

2162 Dabor the Shield-Bearer (level 9, -2/68 HPs)
             Began as a Formicid Abyssal Knight on Mar 11, 2022.
             Was a Priest of Lugonu.
             Killed from afar by a steam dragon (16 damage)
             ... with a ball of steam
             ... on level 6 of the Dungeon.
             The game lasted 00:29:20 (8003 turns).

Dabor the Shield-Bearer (Formicid Abyssal Knight)   Turns: 8003, Time: 00:29:21

Health: -2/68      AC: 15    Str: 22    XL:     9   Next: 57%
Magic:  12/12      EV:  6    Int: 10    God:    Lugonu [***...]
Gold:   356        SH:  9    Dex: 11    Spells: 8/8 levels left

rFire   . . .      SeeInvis +   a - +1 spear
rCold   . . .      Faith    .   q - +0 kite shield
rNeg    . . .      Spirit   .   h - +0 plate armour
rPois   .          Reflect  .   (helmet unavailable)
rElec   .          Harm     .   e - +0 cloak
rCorr   .          Rampage  .   p - +0 pair of gloves
Will    .....                   f - +0 pair of boots
Stlth   ..........              (no amulet)
HPRegen 0.21/turn               (no ring)
MPRegen 0.13/turn               (no ring)

@: no status effects
A: permanent stasis, dig shafts and tunnels, antennae 3, four strong arms
a: Dig, Shaft Self, Renounce Religion, Depart the Abyss, Bend Space, Banish


You were on level 6 of the Dungeon.
You worshipped Lugonu.
Lugonu was most pleased with you.
You visited 2 branches of the dungeon, and saw 7 of its levels.
You visited the Abyss 1 time.

You collected 356 gold pieces.

Inventory:

Hand Weapons
 a - a +1 spear (weapon)
Missiles
 k - 8 poisoned darts
 l - 3 silver boomerangs (quivered)
 r - 5 atropa-tipped darts
 t - 11 javelins
 B - 4 datura-tipped darts
Armour
 e - a +0 cloak (worn)
 f - a +0 pair of boots (worn)
 h - a +0 plate armour (worn)
 p - a +0 pair of gloves (worn)
 q - a +0 kite shield (worn)
 z - a +2 ring mail of cold resistance
Wands
 o - a wand of acid (2)
 v - a wand of polymorph (10)
 A - a wand of charming (1)
Scrolls
 c - 3 scrolls of amnesia
 j - a scroll of enchant armour {unknown}
 n - 2 scrolls of brand weapon
 u - a scroll of summoning
 x - a scroll of teleportation {unknown}
 y - a scroll of enchant weapon {unknown}
 C - a scroll of identify
Potions
 b - a potion of heal wounds {unknown}
 d - 2 potions of lignification {unknown}
 g - a potion of brilliance {unknown}
 i - a potion of magic {unknown}
 m - a potion of might {unknown}
 s - a potion of ambrosia {unknown}
 w - 2 potions of cancellation {unknown}


   Skills:
 + Level 5.5 Fighting
 * Level 6.1 Polearms
 + Level 3.8 Throwing
 + Level 4.8 Armour
 + Level 3.6 Dodging
 * Level 6.2 Shields
 + Level 5.2 Invocations


You had 8 spell levels left.
You didn't know any spells.
Your spell library contained the following spells:

 Spells                   Type           Power      Damage    Failure   Level
 Foxfire                  Conj/Fire      0%         2x1d4     100%        1
 Conjure Flame            Conj/Fire      0%         6-21      100%        3
 Inner Flame              Hex/Fire       0%         N/A       100%        3
 Ozocubu's Armour         Ice            0%         N/A       100%        3
 Flame Wave               Conj/Fire      0%         2d4       100%        4
 Ozocubu's Refrigeration  Ice            0%         4d5       100%        7


Dungeon Overview and Level Annotations

Branches:
Dungeon (6/15)             Temple (1/1) D:4

Altars:
Cheibriados
Zin
The Shining One

Shops:
D:5 (


Innate Abilities, Weirdness & Mutations

You cannot be hasted, slowed, berserked, paralysed or teleported.
You can dig through walls and to a lower floor.
You have a pair of large antennae on your head. (SInv)
Your four strong arms can wield two-handed weapons with a shield.


Message History

The steam dragon hisses angrily.
There is an open door here.
Okay, then.
As you read the scroll of summoning, it crumbles to dust.
Wisps of shadow whirl around you...
Throw: 3 boomerangs (silver)
Press: ? - help, Q - select action, (/) - cycle Shift-Dir - straight line, f/p - wight
Aim: a wight, wielding a +3 long sword and wearing a +0 robe (severely damaged, ally target, 59% to hit)
You throw a silver boomerang. The silver boomerang hits the wight!
You destroy the wight!
Lugonu accepts your kill. The wight barely misses your ice beast.
As you read the scroll of summoning, it crumbles to dust.
Wisps of shadow whirl around you... The steam dragon breathes steam at you.
The ball of steam hits your orc!
Your orc dies!
Your orc's corpse dissolves into shadows!
The ball of steam hits your orc!
Your orc dies!
Your orc's corpse dissolves into shadows!
The ball of steam hits your ice beast! The ball of steam hits you!
* * * LOW HITPOINT WARNING * * *
The wight completely misses your ice beast.
Your ice beast is engulfed in a cloud of scalding steam.
Something hits your ice beast.
Your ice beast is engulfed in a cloud of scalding steam.
Your ice beast barely misses the steam dragon.
Your orc closely misses the steam dragon.
Okay, then.
Throw: 3 boomerangs (silver)
Press: ? - help, Q - select action, (/) - cycle Shift-Dir - straight line, f - wight
Aim: a wight, wielding a +3 halberd and wearing a +0 robe (59% to hit)
Okay, then.
The steam dragon breathes steam at you. The ball of steam hits your orc wizard!
Your orc wizard dies!
Your orc wizard's corpse dissolves into shadows!
The ball of steam hits you!
You die...

##########
#..@.§S..#
#...§§...#
#...§oYS#########
#....DYz#.......#
#....§..z.......#
#.....?.#...:...#
#?......#.).....#
#.......#.......#
#.......#z......#


You could see a steam dragon (catching breath, ally target), 2 wights, 2
friendly ice beasts, 2 friendly adders and a friendly orc (summoned).

Vanquished Creatures
  A shadow (D:6)
  A sky beast (D:5)
  An orc warrior (D:6)
  A black bear (D:5)
  An ice beast (D:6)
  2 ogres
  A centaur (D:5)
  2 necrophages
  3 scorpions
  A wight (D:6)
  2 howler monkeys
  A hound (D:4)
  3 orc priests (D:6)
  Ijyb (D:5)
  Jessica (D:2)
  Natasha (thrice) (D:2)
  6 iguanas
  2 orc wizards
  3 gnolls (D:4)
  8 adders
  A shadow imp (D:6)
  An ufetubus (D:6)
  3 worms
  3 dart slugs
  8 orcs
  7 ball pythons
  8 endoplasms
  3 giant cockroaches
  7 goblins
  6 hobgoblins
  9 jackals
  3 quokkas
  8 bats
  5 frilled lizards
  5 kobolds
  5 rats
126 creatures vanquished.

Vanquished Creatures (collateral kills)
  A sky beast (D:6)
1 creature vanquished.

Vanquished Creatures (others)
  A plant (D:5)
1 creature vanquished.

Grand Total: 128 creatures vanquished

Notes
Turn   | Place    | Note
-------+----------+-------------------------------------------
     0 | Abyss:1  | Dabor the Formicid Abyssal Knight began the quest for the
                  | Orb.
     0 | Abyss:1  | Reached XP level 1. HP: 18/18 MP: 2/2
     0 | D:1      | Escaped the Abyss
   245 | D:1      | Reached skill level 1 in Dodging
   254 | D:1      | Reached XP level 2. HP: 17/24 MP: 3/3
   669 | D:1      | Reached XP level 3. HP: 28/29 MP: 4/4
   718 | D:1      | Reached ** piety under Lugonu
  1239 | D:2      | Noticed Jessica
  1252 | D:2      | Killed Jessica
  1253 | D:2      | Reached XP level 4. HP: 25/36 MP: 5/5
  1743 | D:2      | Found a faded altar of an unknown god.
  1752 | D:2      | Noticed Natasha
  1765 | D:2      | Killed Natasha
  1766 | D:2      | Reached skill level 1 in Throwing
  1766 | D:2      | Reached XP level 5. HP: 31/42 MP: 7/7
  2174 | D:2      | Noticed Natasha
  2178 | D:2      | Killed Natasha
  2196 | D:2      | Noticed Natasha
  2220 | D:2      | Killed Natasha
  2221 | D:2      | Reached skill level 1 in Shields
  2675 | D:3      | Reached XP level 6. HP: 46/48 MP: 8/8
  3207 | D:4      | Found a staircase to the Ecumenical Temple.
  3219 | Temple   | Entered the Ecumenical Temple
  3229 | D:4      | Reached *** piety under Lugonu
  3359 | D:4      | Noticed an ogre
  3376 | D:4      | Killed an ogre
  3377 | D:4      | Reached XP level 7. HP: 47/54 MP: 5/9
  4686 | D:5      | Entered Level 5 of the Dungeon
  4841 | D:5      | Found a glowing silver altar of Zin.
  4890 | D:5      | Found Ulalaegg's Antique Weapon Boutique.
  4970 | D:5      | Reached XP level 8. HP: 18/61 MP: 10/10
  5474 | D:5      | Noticed a yak
  5496 | D:5      | Banished a yak
  5497 | D:5      | Reached skill level 5 in Polearms
  5811 | D:5      | Noticed Ijyb
  5839 | D:5      | Killed Ijyb
  6060 | D:6      | Noticed a shadow
  6387 | D:6      | Reached skill level 5 in Fighting
  6436 | D:6      | Reached skill level 5 in Shields
  6764 | D:6      | Reached XP level 9. HP: 65/68 MP: 12/12
  6982 | D:6      | HP: 1/68 [orc warrior/+0 scimitar (8)]
  7288 | D:6      | Reached skill level 5 in Invocations
  7396 | D:6      | Found a glowing golden altar of the Shining One.
  8003 | D:6      | Killed from afar by a steam dragon

Illustrated notes

Levels and vault maps discovered:
D:1:      psy_arrival_spokes, layout_basic
D:2:      layout_basic, ebering_ecumenical_altar_hall, uniq_natasha,
          uniq_jessica
D:3:      layout_loops_ring, kennysheep_generic_room_14
D:4:      layout_rooms, temple_fountains, minmay_between
D:5:      wad_crossroads, layout_loops_ring,
          mainiacjoe_overflow_surrounded_room, serial_shops,
          nicolae_shop_overgrown_old_shop, uniq_ijyb
D:6:      layout_gridville, tso_metal_star, bh_walls_and_bars
Temple:   nicolae_temple_elliptical

Skill      XL: |  1  2  3  4  5  6  7  8  9 |
---------------+----------------------------+-----
Dodging        | 1 2 3 |  3.6
Polearms       | 3 4 5 6 |  6.1
Throwing       | 1 2 3 |  3.8
Armour         | 3 4 |  4.8
Shields        | 1 2 3 5 6 |  6.2
Invocations    | 3 4 5 |  5.2
Fighting       | 4 5 |  5.5

Action                   |  1- 3 |  4- 6 |  7- 9 || total
-------------------------+-------+-------+-------++-------
Melee: Spear             |    87 |   169 |   386 ||   642
Throw: Dart              |       |    22 |    80 ||   102
       Javelin           |       |       |    40 ||    40
       Boomerang         |       |       |    20 ||    20
Invok: Depart the Abyss  |     1 |       |       ||     1
       Bend Space        |       |     5 |    49 ||    54
       Banish            |       |       |     3 ||     3
Evoke: Wand              |       |     5 |     1 ||     6
  Use: Scroll            |       |       |     9 ||     9
       Potion            |       |       |     5 ||     5
Armor: Leather armour    |    18 |       |       ||    18
       Ring mail         |       |     6 |    93 ||    99
       Chain mail        |       |    81 |    27 ||   108
       Plate armour      |       |       |    30 ||    30
Dodge: Dodged            |    28 |    52 |   103 ||   183
Block: Kite shield       |       |    40 |   196 ||   236

Table legend: (Time is in decaauts)
 A = Elapsed time spent in this place.
 B = Non-inter-level travel time spent in this place.
 C = Inter-level travel time spent in this place.
 D = Time resting spent in this place.
 E = Time spent auto-exploring this place.
 F = Levels seen in this place.
 G = Mean time per level.
                   A        B        C        D        E       F      G
               +--------+--------+--------+--------+--------+-----+--------+
         Total |   8032 |   7733 |    299 |      0 |   5746 |   8 | 1004.0 |
       Dungeon |   8031 |   7732 |    299 |      0 |   5746 |   6 | 1338.5 |
        Temple |      1 |      1 |      0 |      0 |      0 |   1 |    1.0 |
         Abyss |      0 |      0 |      0 |      0 |      0 |   1 |    0.0 |
               +--------+--------+--------+--------+--------+-----+--------+

Top non-repeatable levels by time:
     D:5: 1899 daAuts
     D:4: 1492 daAuts
     D:6: 1424 daAuts
     D:2: 1238 daAuts
     D:1: 1043 daAuts
     D:3: 933 daAuts
  Temple: 1 daAuts
